 Dungeon Crawl Stone Soup version 0.23.2-1-ga50397a6bc (webtiles) character file.

Game seed: 15535089236534417057

5999 Foic the Covert (level 10, -6/49 HPs)
             Began as a Vine Stalker Assassin on May 21, 2019.
             Was a Believer of Dithmenos.
             Mangled by a black mamba (11 damage)
             ... on level 1 of the Lair of Beasts.
             The game lasted 00:37:37 (8786 turns).

Foic the Covert (Vine Stalker Assassin)             Turns: 8786, Time: 00:37:38

Health: -6/49      AC:  5    Str: 15    XL:     10   Next: 85%
Magic:  0/10       EV: 15    Int: 11    God:    Dithmenos [**....]
Gold:   474        SH:  0    Dex: 18    Spells: 9/9 levels left

rFire    . . .     SeeInvis .   a - +1 short sword (flame)
rCold    . . .     Gourm    .   (no shield)
rNeg     . . .     Faith    .   y - +0 leather armour
rPois    +         Spirit   +   w - +0 helmet
rElec    .         Reflect  .   d - +0 cloak
rCorr    .         Harm     .   (no gloves)
MR       +....                  n - +0 pair of boots
Stlth    ++++++++..             (no amulet)
HPRegen  0.56/turn              x - ring of stealth
MPRegen  0.12/turn              S - ring of poison resistance

@: hasted, wreathed by umbra, very quick
A: fangs 3, deformed body, low mp 1, regeneration 1, magic shield, antimagic
bite, no potion heal 3, rot immunity
a: Shadow Step, Renounce Religion


You were on level 1 of the Lair of Beasts.
You worshipped Dithmenos.
Dithmenos was pleased with you.
You were very hungry.

You visited 3 branches of the dungeon, and saw 11 of its levels.

You collected 474 gold pieces.

Inventory:

Hand Weapons
 a - a +1 short sword of flaming (weapon)
 b - a +0 blowgun
 q - a +2 dagger
 G - a +0 dagger of freezing
 P - a +0 shortbow
Missiles
 e - 37 poisoned needles
 l - 213 stones
 t - 8 needles of confusion
 v - 2 throwing nets (quivered)
 Q - 48 arrows
 T - 2 needles of sleeping
Armour
 c - a +0 robe
 d - a +0 cloak (worn)
 n - a +0 pair of boots (worn)
 w - a +0 helmet (worn)
 y - a +0 leather armour (worn)
Magical Staves
 M - a cursed staff of conjuration {unknown}
Jewellery
 f - an uncursed ring of fire
 k - a cursed ring of attention
 u - an uncursed ring of protection from fire
 x - a ring of stealth (left hand)
 H - an uncursed ring of positive energy
 K - the ring of Joka Eza {+Fly Str+7}
   (You found it on level 7 of the Dungeon)

   [ring of flight]

   It affects your strength (+7).
   It lets you fly.
 L - a cursed amulet of inaccuracy {unknown}
 N - an uncursed ring of protection from fire
 S - a ring of poison resistance (right hand)
Wands
 D - a wand of flame (17)
Scrolls
 i - 3 scrolls of enchant weapon
 j - 2 scrolls of amnesia {unknown}
 m - 7 scrolls of remove curse {unknown}
 o - 3 scrolls of teleportation
 r - 2 scrolls of enchant armour {unknown}
 B - a scroll of magic mapping {unknown}
 F - 3 scrolls of identify
 J - a scroll of brand weapon {unknown}
 O - a scroll of torment {unknown}
Potions
 h - a potion of haste
 p - a potion of mutation
 s - a potion of agility
 z - 2 potions of heal wounds {unknown}
 A - 5 potions of curing
 C - a potion of brilliance
 E - a potion of ambrosia {unknown}
 I - 2 potions of might {unknown}
 R - a potion of flight {unknown}
Comestibles
 g - 16 rations


   Skills:
 + Level 4.1 Fighting
 * Level 8.9 Short Blades
 + Level 3.2 Throwing
 + Level 3.4 Armour
 * Level 5.3 Dodging
 * Level 12.2 Stealth


You had 9 spell levels left.
You didn't know any spells.
Your spell library contained the following spells:

 Spells                   Type           Power        Failure   Level  Hunger
 Corona                   Hex            #......      41%         1    ##.....
 Ensorcelled Hibernation  Hex/Ice        #.....       54%         2    ###....
 Confuse                  Hex            #.......     78%         3    ####...
 Dazzling Spray           Conj/Hex       #.....       78%         3    ####...
 Tukima's Dance           Hex            #.......     78%         3    ####...


Dungeon Overview and Level Annotations

Branches:
Dungeon (9/15)             Temple (1/1) D:4            Lair (1/6) D:8
    Orc (0/2) D:9

Altars:
Ashenzari
Cheibriados
Dithmenos
Elyvilon
Fedhas
Gozag
Hepliaklqana
Kikubaaqudgha
Makhleb
Nemelex Xobeh
Okawaru
Qazlal
Ru
Sif Muna
Trog
Uskayaw
Vehumet
Wu Jian
Xom
Yredelemnul
Zin
The Shining One

Shops:
D:6 %*}(   D:7 !   D:8 !

Portals:
Gauntlet: Lair:1

Annotations:
D:2 1 runed translucent door – crazy Yiuf, Crazy Yiuf


Innate Abilities, Weirdness & Mutations

You have razor-sharp teeth.
Your natural rate of healing is unusually fast.
When hurt, damage is shared between your health and your magic reserves.
Your bite disrupts and absorbs the magic of your enemies.
Potions cannot restore your health.
You are immune to rotting.
Armour fits poorly on your strangely shaped body.
Your magical capacity is low. (-10% MP)


Message History

Press: ? - help, v - describe, . - travel
Here: a black mamba (moderately wounded, umbra)
The floor, spattered with blood.
Unknown command.
You feel yourself speed up. The black mamba closely misses you.
The black mamba misses you. The black mamba barely misses you.
You see here a spiny frog corpse.
The black mamba bites you.
* * * LOW HITPOINT WARNING * * *
The black mamba bites you!
* * * LOW HITPOINT WARNING * * *
You hit the black mamba but do no damage.
Your bite misses the black mamba.
The black mamba is lightly wounded.
The black mamba closely misses you.
You closely miss the black mamba.
The black mamba is lightly wounded.
The black mamba bites you!
You die...

##.######.....###.....#.#
##......#.##....#.....#...
#........+.......#.........
#............8.÷.+...8.....
#................#.........
#...........#.##.#.....#...
................###.....#
...........###.....##.####
..........@# #....##...#.#
#.........S# ##.........# #
#..........# ##...#8.>.8# #
##...!$....###....#.....###
##........PP##.∩..#.8.##..
#..[........†....#.##....
##........####.....###P..
...####..## ##.######...
.... #### ### #.#...


You could see a black mamba.

Vanquished Creatures
  An elephant (D:8)
  A spiny frog (Lair:1)
  A komodo dragon (Lair:1)
  2 hippogriffs
  A wyvern (D:9)
  A spriggan (D:9)
  A basilisk (D:8)
  A hungry ghost (D:7)
  4 wargs (D:9)
  2 water moccasins (D:7)
  An ice beast (D:6)
  4 orc warriors
  3 sky beasts
  A black bear (Lair:1)
  2 eyes of draining (D:6)
  4 ogres
  2 centaurs
  2 crocodiles
  Blork the orc (D:3)
  3 bullfrogs
  2 scorpions
  4 killer bees (D:9)
  3 wights (D:8)
  8 howler monkeys
  A crimson imp (D:6)
  A quasit (D:9)
  3 hounds
  An orc priest (D:5)
  A jelly (D:7)
  2 iguanas
  3 orc wizards
  Natasha (thrice) (D:2)
  8 worker ants
  A hound zombie (D:8)
  2 hound skeletons
  10 adders
  2 oozes
  An adder skeleton (D:7)
  3 adder zombies
  4 worms
  2 dart slugs (D:1)
  5 leopard geckos (D:1)
  24 orcs
  2 ball pythons
  11 giant cockroaches
  5 goblins
  7 hobgoblins
  6 jackals (D:2)
  6 kobolds
  2 quokkas
  9 bats
  10 frilled lizards
  A quokka skeleton (D:5)
  3 rats (D:2)
194 creatures vanquished.

Vanquished Creatures (others)
  A quokka (D:9)
1 creature vanquished.

Grand Total: 195 creatures vanquished

Notes
Turn   | Place    | Note
-------+----------+-------------------------------------------
     0 | D:1      | Foic the Vine Stalker Assassin began the quest for the Orb.
     0 | D:1      | Reached XP level 1. HP: 11/11 MP: 2/2
    57 | D:1      | Reached skill level 5 in Stealth
   235 | D:1      | Reached XP level 2. HP: 10/15 MP: 3/3
   683 | D:1      | Reached XP level 3. HP: 15/18 MP: 4/4
  1093 | D:1      | Reached skill level 1 in Dodging
  1190 | D:2      | Found a bloodstained altar of Trog.
  1268 | D:2      | Found a faded altar of an unknown god.
  1307 | D:2      | Noticed Natasha
  1442 | D:2      | Killed Natasha
  1442 | D:2      | Reached skill level 6 in Stealth
  1442 | D:2      | Gained mutation: Your natural rate of healing is unusually
                  | fast. [Vine Stalker growth]
  1442 | D:2      | Reached XP level 4. HP: 20/23 MP: 5/5
  1581 | D:2      | Noticed Natasha
  1600 | D:2      | Killed Natasha
  1631 | D:2      | Reached XP level 5. HP: 26/26 MP: 6/6
  1707 | D:2      | Noticed Natasha
  1726 | D:2      | Killed Natasha
  1870 | D:2      | Found a runed translucent door.
  1871 | D:2      | Noticed Crazy Yiuf
  2733 | D:3      | Noticed Blork the orc
  2739 | D:3      | Found a deep blue altar of Sif Muna.
  2808 | D:3      | Killed Blork the orc
  2808 | D:3      | Reached XP level 6. HP: 26/30 MP: 3/7
  2824 | D:3      | Gained mutation: Armour fits poorly on your strangely
                  | shaped body. [potion of mutation]
  2824 | D:3      | Gained mutation: You are dopey. (Int -2) [potion of
                  | mutation]
  2824 | D:3      | Gained mutation: Your magical capacity is low. (-10% MP)
                  | [potion of mutation]
  2824 | D:3      | Lost mutation: You are dopey. (Int -2) [potion of mutation]
  3078 | D:4      | Found a staircase to the Ecumenical Temple.
  3094 | D:4      | Reached skill level 7 in Stealth
  3112 | Temple   | Entered the Ecumenical Temple
  3164 | Temple   | Became a worshipper of Dithmenos the Shadowed
  3264 | D:4      | Reached XP level 7. HP: 35/35 MP: 7/7
  3365 | D:4      | Found an iron altar of Okawaru.
  3537 | D:5      | Entered Level 5 of the Dungeon
  4249 | D:5      | Reached skill level 1 in Armour
  4336 | D:5      | Found a snail-covered altar of Cheibriados.
  4392 | D:5      | Reached skill level 5 in Short Blades
  4392 | D:5      | Gained mutation: You have razor-sharp teeth. [Vine Stalker
                  | growth]
  4392 | D:5      | Reached XP level 8. HP: 20/39 MP: 4/8
  4731 | D:5      | Found a burning altar of Makhleb.
  4777 | D:6      | Reached skill level 8 in Stealth
  4788 | D:6      | Found a deep blue altar of Sif Muna.
  5049 | D:6      | Found Xeirocupu's Food Shop.
  5050 | D:6      | Found Xaewu's Assorted Antiques.
  5050 | D:6      | Found Pousepsete's Antique Weapon Shop.
  5052 | D:6      | Found Jeqoron's Gadget Shop.
  5295 | D:6      | Found a shadowy altar of Dithmenos.
  5471 | D:6      | Found a bloodstained altar of Trog.
  5558 | D:6      | Reached * piety under Dithmenos
  5634 | D:7      | Reached XP level 9. HP: 27/43 MP: 6/9
  5765 | D:7      | Found Tatitsy's Distillery.
  5775 | D:7      | Got a transparent pewter ring
  5776 | D:7      | Identified the ring of Joka Eza {+Fly Str+7} (You found it
                  | on level 7 of the Dungeon)
  5793 | D:7      | Reached skill level 9 in Stealth
  5933 | D:7      | Found an ancient bone altar of Kikubaaqudgha.
  5946 | D:7      | Found a glowing silver altar of Zin.
  6778 | D:8      | Found a hide-covered altar of Uskayaw.
  6823 | D:8      | Found a staircase to the Lair.
  6824 | D:8      | Noticed an elephant
  6865 | D:8      | Killed an elephant
  6865 | D:8      | Reached skill level 10 in Stealth
  7012 | D:8      | Reached XP level 10. HP: 49/49 MP: 10/10
  7124 | D:8      | Found Jemaf's Distillery.
  7153 | D:8      | Reached ** piety under Dithmenos
  7622 | D:9      | Reached skill level 5 in Dodging
  7702 | D:9      | Found a white marble altar of Elyvilon.
  7875 | D:9      | Reached skill level 11 in Stealth
  7898 | D:9      | Found a staircase to the Orcish Mines.
  8027 | D:9      | Found a shimmering altar of Xom.
  8093 | D:9      | Noticed a +0 dagger
  8094 | D:9      | Noticed a +0 dagger
  8096 | D:9      | Found a hide-covered altar of Uskayaw.
  8481 | Lair:1   | Entered Level 1 of the Lair of Beasts
  8542 | Lair:1   | Found a gate leading to a gauntlet.
  8588 | Lair:1   | Reached skill level 12 in Stealth
  8650 | Lair:1   | Noticed a black mamba
  8653 | Lair:1   | Noticed a spiny frog
  8676 | Lair:1   | Killed a spiny frog
  8786 | Lair:1   | Mangled by a black mamba

Skill      XL: |  1  2  3  4  5  6  7  8  9 10 |
---------------+-------------------------------+-----
Stealth        | 5 6 7 8 10 12 | 12.2
Short Blades   | 2 3 4 5 6 7 8 |  8.9
Dodging        | 1 2 3 4 5 |  5.3
Fighting       | 2 3 4 |  4.1
Throwing       | 2 3 |  3.2
Armour         | 1 2 3 |  3.4

Action                   |  1- 3 |  4- 6 |  7- 9 | 10-12 || total
-------------------------+-------+-------+-------+-------++-------
Melee: Dagger            |    45 |       |       |       ||    45
       Bite              |    10 |    35 |    98 |    75 ||   218
       Short sword       |    41 |   147 |   297 |   165 ||   650
 Fire: Blowgun           |     2 |    13 |    12 |       ||    27
  Use: Scroll            |     1 |     5 |     5 |     1 ||    12
       Potion            |       |     5 |       |     1 ||     6
 Stab: Sleeping          |     6 |    14 |    17 |    16 ||    53
       Distracted        |       |       |       |     1 ||     1
  Eat: Chunk             |     2 |     5 |    12 |     5 ||    24
Armor: Robe              |    25 |    28 |       |       ||    53
       Leather armour    |       |       |    37 |     8 ||    45
Dodge: Dodged            |    56 |   100 |   164 |    85 ||   405
